 Dungeon Crawl Stone Soup version 0.28.0-53-g5a82cb258f (webtiles) character file.

Game seed: 4571542333704405948

28966 cbfl8 the Severer (level 13, -34/178 HPs)
             Began as a Minotaur Fighter on July 19, 2022.
             Was the Champion of Okawaru.
             Killed from afar by an ogre mage (40 damage)
             ... with a bolt of magma
             ... on level 2 of the Orcish Mines on July 20, 2022.
             The game lasted 00:32:10 (19988 turns).

cbfl8 the Severer (Minotaur Fighter)               Turns: 19988, Time: 00:32:11

Health: -34/178    AC: 26    Str: 25    XL:     13   Next: 12%
Magic:  16/16      EV:  2    Int:  5    God:    Okawaru [******]
Gold:   1299       SH:  5    Dex: 22    Spells: 12/12 levels left

rFire   x . .      SeeInvis .   k - +5 battleaxe "Votwaarph" {freeze, rF- rC+ Str+5}
rCold   + . .      Faith    .   (shield currently unavailable)
rNeg    . . .      Spirit   .   (armour currently unavailable)
rPois   +          Reflect  +   (helmet currently unavailable)
rElec   .          Harm     .   (cloak currently unavailable)
rCorr   .          Rampage  .   (gloves currently unavailable)
Will    .....      NoTele   +   (boots currently unavailable)
Stlth   ++........              M - amulet of reflection
HPRegen 0.39/turn               a - +6 ring of dexterity
MPRegen 0.15/turn               (no ring)

@: tree-form
A: stationary, stasis, torment immunity, boosted hp, (horns 2), (retaliatory
headbutt)
a: Renounce Religion, Heroism, Finesse, Duel


You were on level 2 of the Orcish Mines.
You worshipped Okawaru.
Okawaru was exalted by your worship.
You were a tree.
You visited 3 branches of the dungeon, and saw 16 of its levels.

You collected 1329 gold pieces.
You spent 30 gold pieces at shops.

Inventory:

Hand Weapons
 d - a +3 battleaxe of flaming
 k - the +5 battleaxe "Votwaarph" (weapon) {freeze, rF- rC+ Str+5}
   (You took it off Grum on level 11 of the Dungeon)

   It freezes those it strikes, dealing additional cold damage.
   It can also slow down cold-blooded creatures.
   Str:       It affects your strength (+5).
   rF:        It makes you vulnerable to fire.
   rC:        It protects you from cold.
 A - a +1 broad axe of flaming
Missiles
 D - a throwing net
Armour
 c - a +0 plate armour (melded)
 e - a +1 cloak
 f - a +0 cloak of stealth (melded)
 n - a +0 pair of boots (melded)
 E - a +0 hat of see invisible (melded)
 L - a +0 kite shield of protection
 N - a +1 pair of gloves (melded)
Jewellery
 a - a +6 ring of dexterity (left branch)
 M - an amulet of reflection (around neck)
Wands
 t - a wand of charming (1)
 C - a wand of digging (10)
Scrolls
 g - a scroll of fog {unknown}
 h - 2 scrolls of noise
 j - 2 scrolls of magic mapping {unknown}
 l - a scroll of holy word {unknown}
 m - a scroll of torment
 o - 2 scrolls of vulnerability
 p - a scroll of silence
 r - 4 scrolls of enchant armour
 u - a scroll of brand weapon {unknown}
 x - a scroll of teleportation {unknown}
 y - a scroll of summoning {unknown}
 F - a scroll of acquirement {unknown}
 H - a scroll of amnesia {unknown}
Potions
 b - a potion of mutation {unknown}
 i - 2 potions of brilliance
 s - 2 potions of haste {unknown}
 z - a potion of cancellation {unknown}
 B - 3 potions of lignification
 G - 2 potions of attraction {unknown}
Miscellaneous
 I - a phial of floods
 O - a lightning rod (4/4)


   Skills:
 * Level 12.3 Fighting
 + Level 16.6 Axes
 + Level 12.9 Armour
 + Level 3.9 Dodging
 + Level 1.9 Stealth
 + Level 6.3 Shields
 * Level 5.6 Invocations
 * Level 5.3 Evocations


You had 12 spell levels left.
You didn't know any spells.
Your spell library contained the following spells:

 Spells                   Type           Power      Damage    Failure   Level
 Slow                     Hex            0%         N/A       47%         1
 Corpse Rot               Necr/Air       0%         N/A       63%         2
 Poisonous Vapours        Pois/Air       0%         N/A       63%         2
 Static Discharge         Conj/Air       0%         N/A       63%         2
 Confusing Touch          Hex            0%         N/A       85%         3
 Frozen Ramparts          Ice            0%         1d2       85%         3
 Vampiric Draining        Necr           0%         2d6       85%         3
 Dispel Undead            Necr           0%         3d6       99%         4
 Ice Form                 Ice/Tmut       0%         N/A       99%         4
 Sticky Flame             Conj/Fire      0%         2d3       99%         4
 Eringya's Noxious Bog    Tmut/Pois      0%         N/A       100%        6
 Chain Lightning          Conj/Air       0%         N/A       100%        9
 Fire Storm               Conj/Fire      0%         5d1       100%        9
 Shatter                  Erth           0%         3d5*      100%        9
 Summon Ice Beast         Ice/Summ       Unusable   N/A       N/A         4
 Summon Forest            Summ/Tloc      Unusable   N/A       N/A         5
 Summon Hydra             Summ           Unusable   N/A       N/A         7

Dungeon Overview and Level Annotations

Branches:
Dungeon (13/15)            Temple (1/1) D:4            Lair (0/6) D:10
    Orc (2/2) D:11
    Elf: Orc:2       Vaults: D:13-14

Altars:
Ashenzari
Cheibriados
Dithmenos
Elyvilon
Fedhas
Gozag
Hepliaklqana
Kikubaaqudgha
Makhleb
Nemelex Xobeh
Okawaru
Qazlal
Ru
Sif Muna
Trog
Uskayaw
Vehumet
Wu Jian
Xom
Yredelemnul
Zin
The Shining One
Beogh

Shops:
D:10 ?


Innate Abilities, Weirdness & Mutations

You are a tree.
Your roots penetrate the ground, keeping you stationary.
You cannot be teleported.
You are immune to unholy pain and torment.
Your maximum health is greatly increased.
Your equipment is partially melded.
((You have a pair of horns on your head.))
((You reflexively headbutt those who attack you in melee.))


Message History

* * * LOW HITPOINT WARNING * * *
You can move again.
Okay, then.
Okay, then.
Unknown command.
Really quaff the potion of lignification?
You turn into a tree.
Your +0 cloak of stealth melds into your body.
Your +0 hat of see invisible melds into your body.
Your +1 pair of gloves melds into your body.
Your +0 pair of boots melds into your body.
Your +0 plate armour melds into your body.
You feel less stealthy.
You feel less perceptive.
Your roots penetrate the ground.
You block the orc warrior's attack. Something hits you!
* * * LOW HITPOINT WARNING * * *
Deactivating autopickup; reactivate with Ctrl-A.
The two-headed ogre hits you but does no damage.
The two-headed ogre hits you with a +0 giant club!
* * * LOW HITPOINT WARNING * * *
Something hits you but does no damage.
Okay, then.
Okay, then.
As you read the scroll of fear, it crumbles to dust.
You assume a fearsome visage.
The two-headed ogre looks frightened!
The orc warrior looks frightened!
A two-headed ogre comes into view. It is wielding two +0 giant clubs.
An ogre comes into view. It is wielding a +0 giant club.
You hear some strange, mumbled words.
The two-headed ogre seems to speed up.
Okay, then.
Okay, then.
The ogre shouts!
You hear a shout!
You hear some strange, mumbled words.
Something tries to affect you, but you resist.
You barely miss something. Something hits you but does no damage.
You closely miss something.
You hear some strange, mumbled words.
A bolt of magma appears from out of thin air!
The bolt of magma hits you!!! The lava burns you terribly!
You die...

......<.........
................
..o{....o$......
...O............
...O..$......$..
........[)......
.......$.#......
.......){)....._
.......)♣)......
........)).....$
.........####...
..##.#.### #. #
####


You could see a two-headed ogre (fast, fleeing), 2 orc warriors and an ogre.

Vanquished Creatures
  Jorgrun (D:12)
  Gastronok (D:11)
  3 boulder beetles
  A tengu warrior (D:12)
  10 two-headed ogres
  An orc high priest (Orc:1)
  Pikel (D:7)
  2 deep elf pyromancers (D:12)
  A manticore (D:12)
  4 cyclopes
  Maurice (Orc:1)
  2 gargoyles (D:11)
  Maggie (D:6)
  2 unseen horrors
  3 komodo dragons
  2 rime drakes
  A freezing wraith (D:11)
  3 trolls
  2 polar bears
  A centaur simulacrum (D:11)
  9 yaks
  3 wraiths
  A wyvern (D:5)
  A basilisk (D:6)
  Grum (D:11)
  4 vampire mosquitoes (D:12)
  Menkaure (D:7)
  A water moccasin (D:5)
  An acid dragon (D:12)
  16 orc warriors
  A sky beast (D:7)
  A necrophage (D:5)
  2 black bears
  19 ogres
  4 wolves
  2 centaurs
  2 lemures (D:7)
  2 kobold brigands
  A gnoll sergeant (D:9)
  2 wyvern zombies
  A scorpion (D:4)
  8 water moccasin zombies
  4 wights
  3 howler monkeys
  3 centaur zombies
  A centaur skeleton (D:7)
  A human zombie (D:5)
  3 jellies
  Crazy Yiuf (D:6)
  12 orc priests
  A bullfrog skeleton (D:4)
  Jessica (D:2)
  Terence (D:2)
  2 iguanas
  20 orc wizards
  A killer bee zombie (D:9)
  A hound zombie (D:5)
  4 howler monkey zombies
  4 gnolls (D:9)
  5 adders
  An adder zombie (D:5)
  An adder skeleton (D:4)
  A worm (D:2)
  3 dart slugs
  69 orcs
  4 bats
  6 endoplasms
  3 goblins
  3 hobgoblins
  5 jackals
  7 quokkas
  6 ball pythons
  3 frilled lizards
  14 kobolds
  3 rats
323 creatures vanquished.

Vanquished Creatures (others)
  An orc wizard (D:4)
  A plant (D:4)
2 creatures vanquished.

Grand Total: 325 creatures vanquished

Notes
Turn   | Place    | Note
-------+----------+-------------------------------------------
     0 | D:1      | cbfl8 the Minotaur Fighter began the quest for the Orb.
     0 | D:1      | Reached XP level 1. HP: 19/19 MP: 0/0
   225 | D:1      | Reached XP level 2. HP: 26/27 MP: 1/1
   585 | D:2      | Found Athiss's Antique Weapon Shop.
   730 | D:2      | Reached XP level 3. HP: 34/34 MP: 2/2
   782 | D:2      | Reached skill level 3 in Axes
   988 | D:2      | Noticed Jessica
   993 | D:2      | Killed Jessica
   994 | D:2      | Reached XP level 4. HP: 36/41 MP: 3/3
  1035 | D:2      | Noticed Terence
  1041 | D:2      | Killed Terence
  1079 | D:2      | Reached skill level 4 in Axes
  1371 | D:3      | Found a glowing silver altar of Zin.
  1372 | D:3      | HP: 1/41 [orc priest/divine providence (16)]
  1706 | D:3      | Reached XP level 5. HP: 29/47 MP: 4/4
  2050 | D:3      | Found an iron altar of Okawaru.
  2079 | D:3      | You fall into a shaft and drop 1 floor!
  2089 | D:4      | Found a staircase to the Ecumenical Temple.
  2096 | Temple   | Entered the Ecumenical Temple
  2417 | D:3      | Became a worshipper of Warmaster Okawaru
  2720 | D:3      | Reached skill level 5 in Axes
  2796 | D:3      | Identified the +0 robe "Xochesm" {rPois rF+ rC++}
  3443 | D:4      | Reached skill level 5 in Armour
  3443 | D:4      | Reached XP level 6. HP: 52/55 MP: 5/5
  3811 | D:4      | Reached skill level 5 in Fighting
  3811 | D:4      | Reached skill level 1 in Dodging
  4593 | D:5      | Entered Level 5 of the Dungeon
  4598 | D:5      | Noticed a wyvern
  4610 | D:5      | Killed a wyvern
  4610 | D:5      | Reached * piety under Okawaru
  4611 | D:5      | Reached skill level 6 in Axes
  4611 | D:5      | Reached XP level 7. HP: 19/61 MP: 6/6
  5410 | D:5      | Found a shimmering altar of Xom.
  5510 | D:5      | Reached ** piety under Okawaru
  5511 | D:5      | Reached skill level 7 in Axes
  5690 | D:5      | Reached XP level 8. HP: 66/69 MP: 7/7
  5705 | D:5      | Found a basalt altar of Yredelemnul.
  5723 | D:5      | Reached skill level 8 in Axes
  6193 | D:6      | Reached *** piety under Okawaru
  6194 | D:6      | Reached skill level 9 in Axes
  6243 | D:6      | Noticed Maggie
  6262 | D:6      | Killed Maggie
  6263 | D:6      | Reached XP level 9. HP: 19/75 MP: 8/8
  6995 | D:6      | Reached skill level 1 in Stealth
  7036 | D:6      | Found a runed translucent door.
  7037 | D:6      | Noticed Crazy Yiuf
  7513 | D:6      | Noticed a boulder beetle
  7535 | D:6      | Killed a boulder beetle
  7536 | D:6      | Reached skill level 10 in Axes
  7825 | D:6      | Killed Crazy Yiuf
  7900 | D:7      | Reached **** piety under Okawaru
  8218 | D:7      | Found a broken altar of Ashenzari.
  8261 | D:7      | Noticed Pikel
  8272 | D:7      | Killed Pikel
  8273 | D:7      | Reached skill level 11 in Axes
  8273 | D:7      | Reached skill level 10 in Armour
  8506 | D:7      | Noticed Menkaure
  8512 | D:7      | Killed Menkaure
  8643 | D:7      | Found a snail-covered altar of Cheibriados.
  8643 | D:7      | Found an opulent altar of Gozag.
  8643 | D:7      | Found a sacrificial altar of Ru.
  8735 | D:7      | Found a radiant altar of Vehumet.
  9060 | D:8      | Reached XP level 10. HP: 85/88 MP: 9/9
  9122 | D:8      | Found a blossoming altar of Fedhas.
  9601 | D:8      | Reached skill level 12 in Axes
 10207 | D:9      | Noticed a cyclops
 10219 | D:9      | Killed a cyclops
 10412 | D:9      | Reached ***** piety under Okawaru
 10735 | D:9      | Found a stormy altar of Qazlal.
 10747 | D:9      | Reached skill level 13 in Axes
 11113 | D:10     | Entered Level 10 of the Dungeon
 11113 | D:10     | Noticed a two-headed ogre
 11179 | D:10     | Noticed a two-headed ogre
 12106 | D:10     | Found a sparkling altar of Nemelex Xobeh.
 12144 | D:10     | Found Pirexull's Magic Scroll Boutique.
 12151 | D:10     | Bought a scroll of identify for 30 gold pieces
 12235 | D:10     | Killed a two-headed ogre
 12291 | D:10     | Reached skill level 5 in Shields
 12604 | D:10     | Noticed a cyclops
 12628 | D:10     | Killed a cyclops
 12812 | D:10     | Killed a two-headed ogre
 12813 | D:10     | Reached XP level 11. HP: 90/97 MP: 7/10
 12919 | D:10     | Found a staircase to the Lair.
 13141 | D:10     | Found a shimmering blue altar of Sif Muna.
 13265 | D:11     | Found a staircase to the Orcish Mines.
 13278 | D:11     | Received a gift from Okawaru
 13351 | D:11     | Noticed Gastronok
 13385 | D:10     | Reached skill level 1 in Invocations
 13676 | D:10     | Reached skill level 14 in Axes
 14117 | D:11     | Reached skill level 1 in Evocations
 14726 | D:11     | Identified the +5 battleaxe "Votwaarph" {freeze, rF- rC+
                  | Str+5}
 14726 | D:11     | Noticed Grum
 14782 | D:11     | Killed Grum
 14801 | D:11     | Received a gift from Okawaru
 14898 | D:11     | Reached skill level 10 in Fighting
 15001 | D:11     | Killed Gastronok
 15519 | D:12     | Noticed a deep elf pyromancer
 15685 | D:12     | Reached skill level 15 in Axes
 15984 | D:12     | Noticed a boulder beetle
 16008 | D:12     | Reached XP level 12. HP: 96/107 MP: 11/13
 16013 | D:12     | Killed a boulder beetle
 16392 | D:12     | Noticed a two-headed ogre
 16401 | D:12     | Killed a two-headed ogre
 16401 | D:12     | Reached ****** piety under Okawaru
 16401 | D:12     | Noticed Jorgrun
 16411 | D:12     | Killed Jorgrun
 16782 | D:12     | Noticed a boulder beetle
 16806 | D:12     | Killed a boulder beetle
 17198 | D:12     | Noticed a tengu warrior
 17212 | D:12     | Killed a tengu warrior
 17780 | Orc:1    | Entered Level 1 of the Orcish Mines
 17780 | Orc:1    | Noticed Maurice
 17785 | Orc:1    | Received a gift from Okawaru
 17796 | Orc:1    | Killed Maurice
 17914 | Orc:1    | Reached skill level 16 in Axes
 18138 | Orc:1    | Noticed a two-headed ogre
 18147 | Orc:1    | Killed a two-headed ogre
 18527 | Orc:2    | Entered Level 2 of the Orcish Mines
 18527 | Orc:2    | Found a burning altar of Makhleb.
 18530 | Orc:2    | Reached skill level 5 in Invocations
 18535 | Orc:2    | Noticed a two-headed ogre
 18539 | Orc:2    | Noticed an orc high priest
 18554 | Orc:1    | Killed a two-headed ogre
 18761 | Orc:2    | Noticed a two-headed ogre
 18762 | Orc:2    | Noticed a two-headed ogre
 18762 | Orc:2    | Noticed an ogre mage
 18769 | Orc:1    | Killed an orc high priest
 18770 | Orc:1    | Reached skill level 5 in Evocations
 18921 | Orc:2    | Noticed a two-headed ogre
 18922 | Orc:2    | Noticed a two-headed ogre
 18925 | Orc:1    | Killed a two-headed ogre
 19091 | Orc:1    | Killed a two-headed ogre
 19091 | Orc:1    | Received a gift from Okawaru
 19531 | Orc:2    | Reached XP level 13. HP: 70/118 MP: 13/16
 19977 | Orc:2    | Paralysed by an ogre mage for 6 turns
 19984 | Orc:2    | HP: 4/178 [two-headed ogre/+0 giant spiked club (17)]
 19988 | Orc:2    | Killed from afar by an ogre mage

Illustrated notes

Levels and vault maps discovered:
D:1:      moated_graveyard_arrival, layout_rooms
D:2:      layout_basic, serial_shops, shop, minmay_misc_feat_room,
          chequers_serial_rivers_micro_e, uniq_terence, uniq_jessica
D:3:      layout_rooms, mainiacjoe_overflow_tiny_flanked, marbit_many_paths,
          dk_vineyard_3
D:4:      layout_rooms, minmay_temple_entry_gardened_gates, serial_curves,
          eino_curves_03, eino_curves_02, minmay_a_box_with_orc_wizards_in_it
D:5:      layout_gridville, lemuel_mausoleum_altar_yredelemnul,
          xom_teletrap_fun, minivault_24
D:6:      layout_rooms, dk_noncrumbling_2, minmay_three_doors,
          uniq_crazy_yiuf_cottage, uniq_maggie
D:7:      layout_cave_pools, evilmike_ruin_ashenzari,
          mainiacjoe_overflow_alcove_2, gammafunk_temple_overflow_claw,
          minivault_27, uniq_pikel, uniq_menkaure
D:8:      layout_loops_cross, fedhas_altar_3, nrook_mini_backslash
D:9:      kennysheep_spiral_hall, layout_loops_ring,
          mainiacjoe_overflow_alcove_1, dk_noncrumbling_3,
          corexii_leaking_fountain
D:10:     layout_roguey, tgw_sif, mainiacjoe_overflow_surrounded_room,
          lair_entry_dummy, serial_shops, shop
D:11:     minmay_coctagon, layout_loops_ring, minmay_orc_entry_temple_small,
          uniq_gastronok, uniq_grum
D:12:     layout_cave_pods, grunt_ministairs_9, uniq_jorgrun
D:13:     layout_basic, interstate_on_off, nrook_uturn
Temple:   compressed_dpeg_triangle_lava_temple
Orc:1:    layout_caves, uniq_maurice
Orc:2:    st_orc_ogre_mass, layout_caves, lightli_volcano_entry_magma_tube,
          basic_altar, serial_shops, nicolae_diamond_shop, uniq_saint_roka

Skill      XL: |  1  2  3  4  5  6  7  8  9 10 11 12 |
---------------+-------------------------------------+-----
Fighting       | 4 5 6 7 9 10 12 | 12.3
Armour         | 4 5 6 7 9 10 11 12 | 12.9
Shields        | 4 5 6 |  6.3
Axes           | 3 4 5 6 7 9 11 13 15 16 | 16.6
Dodging        | 1 2 3 |  3.9
Stealth        | 1 |  1.9
Invocations    | 3 5 |  5.6
Evocations     | 3 5 |  5.3

Action                   |  1- 3 |  4- 6 |  7- 9 | 10-12 | 13-15 || total
-------------------------+-------+-------+-------+-------+-------++-------
Melee: War axe           |    51 |   149 |    38 |       |       ||   238
       Headbutt          |     9 |    18 |    47 |   101 |     2 ||   177
       Battleaxe         |       |       |   173 |   426 |    17 ||   616
Invok: Heroism           |       |       |     1 |    11 |       ||    12
Evoke: Wand              |       |       |       |     4 |       ||     4
  Use: Potion            |       |     4 |     4 |    12 |     1 ||    21
       Scroll            |       |       |     7 |     3 |     1 ||    11
Armor: Scale mail        |    12 |       |       |       |       ||    12
       Chain mail        |    10 |   116 |   141 |   111 |       ||   378
       Skin              |       |    18 |       |    13 |     3 ||    34
       Plate armour      |       |       |       |   233 |    13 ||   246
Dodge: Dodged            |    18 |    34 |    98 |   237 |    10 ||   397
Block: Buckler           |    14 |    27 |     8 |       |       ||    49
       Other             |       |       |       |    96 |     1 ||    97
       Reflection        |       |       |       |     1 |       ||     1
